 Dungeon Crawl Stone Soup version 0.21.1-1-g345015fe64 (webtiles) character file.

3784 Naru the Thaumaturge (level 9, -6/41 HPs)
             Began as a Spriggan Venom Mage on June 11, 2018.
             Was an Initiate of Makhleb.
             Mangled by a death yak (26 damage)
             ... on level 8 of the Dungeon.
             The game lasted 00:47:09 (11479 turns).

Naru the Thaumaturge (Spriggan Venom Mage)         Turns: 11479, Time: 00:47:10

Health: -6/41      AC:  7    Str:  4    XL:     9   Next: 95%
Magic:  6/22       EV: 25    Int: 18    God:    Makhleb [......]
Gold:   203        SH:  0    Dex: 22    Spells: 10/25 levels left

rFire    . . .     SeeInvis +   x - +0 whip (freeze)
rCold    . . .     Gourm    .   (shield restricted)
rNeg     + . .     Faith    .   u - +2 robe of Wecin {rN+ MR+}
rPois    .         Spirit   .   (helmet restricted)
rElec    .         Reflect  .   t - +2 cloak
rCorr    .         Harm     .   (gloves unavailable)
MR       ++...                  (boots unavailable)
Stlth    ++++......             (no amulet)
HPRegen  0.13/turn              k - +4 ring of dexterity
MPRegen  0.18/turn              (no ring)

@: marked, very quick
A: very small, unfitting armour, see invisible, herbivore, speed 3, slow
metabolism 2
a: Renounce Religion


You were on level 8 of the Dungeon.
You worshipped Makhleb.
Makhleb was noncommittal.
You were not hungry.

You visited 2 branches of the dungeon, and saw 9 of its levels.

You collected 203 gold pieces.

Inventory:

Hand Weapons
 x - a +0 whip of freezing (weapon)
Missiles
 n - a throwing net
 s - 11 tomahawks (quivered)
Armour
 t - a +2 cloak (worn)
 u - the +2 robe of Wecin (worn) {rN+ MR+}
   (You found it on level 5 of the Dungeon)

   It protects you from negative energy.
   It affects your resistance to hostile enchantments.
Jewellery
 a - an uncursed ring of protection from fire {unknown}
 k - a +4 ring of dexterity (left hand)
Wands
 e - a wand of polymorph (3)
 g - a wand of enslavement (20)
 j - a wand of flame (21)
Scrolls
 d - 5 scrolls of teleportation
 i - a scroll of noise {unknown}
 p - 2 scrolls of blinking
 q - a scroll of amnesia
 v - 2 scrolls of enchant armour
 y - a scroll of identify
 A - a scroll of enchant weapon
Potions
 f - a potion of cancellation {unknown}
 h - 2 potions of degeneration
 l - a potion of brilliance
 m - a potion of mutation {unknown}
 o - 2 potions of resistance {unknown}
 r - 2 potions of ambrosia {unknown}
 w - 2 potions of haste
 z - 2 potions of lignification
 B - 2 potions of heal wounds {unknown}
Books
 b - a Young Poisoner's Handbook

   Spells                             Type                      Level
   a - Sting                          Conjuration/Poison           1
   b - Poisonous Vapours              Poison/Air                   2
   c - Mephitic Cloud                 Conjuration/Poison/Air       3
   d - Olgreb's Toxic Radiance        Poison                       4
   e - Venom Bolt                     Conjuration/Poison           5
Comestibles
 c - 5 rations


   Skills:
 + Level 1.4 Fighting
   Level 0.2 Short Blades
   Level 1.0(1.4) Axes
 + Level 1.2(1.4) Maces & Flails
 * Level 7.9 Dodging
 * Level 8.0 Stealth
 * Level 8.5 Spellcasting
 * Level 3.3 Conjurations
 + Level 3.4 Air Magic
 * Level 7.1 Poison Magic
 * Level 5.5 Evocations


You had 10 spell levels left.
You knew the following spells:

 Your Spells              Type           Power        Failure   Level  Hunger
a - Sting                 Conj/Pois      ####         1%          1    None
b - Poisonous Vapours     Pois/Air       ####..       1%          2    None
c - Mephitic Cloud        Conj/Pois/Air  ###.....     4%          3    None
d - Olgreb's Toxic Radia  Pois           ####....     4%          4    ###....
e - Venom Bolt            Conj/Pois      ####......   30%         5    #####..


Dungeon Overview and Level Annotations

Branches:
Dungeon (8/15)             Temple (1/1) D:7
   Lair: D:8-11

Altars:
Ashenzari
Cheibriados
Dithmenos
Elyvilon
Fedhas
Gozag
Kikubaaqudgha
Makhleb
Nemelex Xobeh
Okawaru
Qazlal
Ru
Trog
Vehumet
Wu Jian
Xom
Yredelemnul
Zin
The Shining One

Shops:
D:5 %   D:7 !

Annotations:
D:6 enkamrat's ghost, amateur TrMo


Innate Abilities, Weirdness & Mutations

You are very small and have problems with some larger weapons.
You are too small for most types of armour.
You have supernaturally acute eyesight. (SInv)
You are a herbivore.
You cover ground extremely quickly.
You need consume almost no food.


Message History

Aim: a death yak (heavily wounded) Poisonous vapours surround the death yak!
The death yak is engulfed in poison gas.
The death yak is poisoned.
The death yak gores you!!
Ouch! That really hurt!
A quokka comes into view.
The death yak looks more healthy.
The quokka barely misses you.
You hit the quokka but do no damage. The quokka completely misses you.
You closely miss the quokka.
The quokka bites you but does no damage.
You hit the quokka but do no damage. The quokka misses you.
The quokka bites you.
You closely miss the quokka.
The quokka bites you but does no damage.
The death yak misses you.
You hit the quokka but do no damage. The quokka closely misses you.
The death yak gores you!!
Ouch! That really hurt!
You die...

## ###......# #.. ### #....... #
..##.# #.#...... # ###### ..#.#
#...#..#.. ##
#....#######..###..###..### .###
###......#..#..##..# #..# #
...###..#.....#........## #..# #
................†.......####..#
...............r@Y............###
.........[.........##.........##.
...................##............
.#....†............#............#
###...#.......................###
# #...#..##....................##
# ##...#..###..............###..#
# #...#..####........###..# #..#
# #...#...# #...##...# #..# ##..


You could see a death yak and a quokka.

Vanquished Creatures
  2 death yaks (D:8)
  Pikel (D:5)
  A spriggan (D:7)
  The ghost of McKennaii the Magician, an amateur DEIE (D:3)
  A phantom (D:4)
  3 ogres
  4 centaurs
  2 bullfrogs
  2 elf skeletons (D:4)
  A quasit (D:7)
  3 hounds
  3 orc priests
  3 bullfrog skeletons
  A human skeleton (D:4)
  Ijyb (D:3)
  Terence (D:2)
  4 orc wizards
  9 worker ants
  A hound skeleton (D:4)
  8 gnolls
  8 adders
  A howler monkey skeleton (D:5)
  A river rat (D:8)
  An ooze (D:4)
  2 adder skeletons
  3 dart slugs
  4 leopard geckos
  16 orcs
  7 giant cockroaches
  2 hobgoblins
  3 quokkas
  A ball python (D:7)
  9 bats
  4 frilled lizards
  5 goblins
  A goblin skeleton (D:7)
  2 goblin zombies (D:7)
  A hobgoblin zombie (D:7)
  6 kobolds
  A kobold zombie (D:7)
  6 orc skeletons
  2 orc zombies (D:7)
  4 rats
  A spectral orc (D:7)
143 creatures vanquished.

Vanquished Creatures (others)
  A jelly (D:5)
  An iguana (D:4)
  An adder (D:5)
  An adder zombie (D:5)
  An orc (D:4)
  A frilled lizard (D:4)
6 creatures vanquished.

Grand Total: 149 creatures vanquished

Notes
Turn   | Place    | Note
-------+----------+-------------------------------------------
     0 | D:1      | Naru the Spriggan Venom Mage began the quest for the Orb.
     0 | D:1      | Reached XP level 1. HP: 9/9 MP: 5/5
   231 | D:1      | Reached XP level 2. HP: 13/13 MP: 4/6
   556 | D:1      | Learned a level 2 spell: Poisonous Vapours
   932 | D:2      | Noticed an ogre
   961 | D:2      | Killed an ogre
   961 | D:2      | Reached skill level 1 in Conjurations
   961 | D:2      | Reached XP level 3. HP: 14/16 MP: 1/9
   961 | D:2      | Reached XP level 4. HP: 18/21 MP: 1/10
  1387 | D:2      | Learned a level 3 spell: Mephitic Cloud
  1508 | D:2      | Noticed Terence
  1518 | D:2      | Killed Terence
  1518 | D:2      | Reached XP level 5. HP: 24/24 MP: 5/12
  1546 | D:2      | Learned a level 4 spell: Olgreb's Toxic Radiance
  1809 | D:3      | Noticed Ijyb
  1828 | D:3      | Killed Ijyb
  1942 | D:3      | Noticed McKennaii's ghost (amateur DEIE)
  2499 | D:3      | Killed McKennaii's ghost
  2499 | D:3      | Reached skill level 5 in Spellcasting
  2499 | D:3      | Reached skill level 1 in Air Magic
  2499 | D:3      | Reached skill level 1 in Evocations
  2499 | D:3      | Reached XP level 6. HP: 28/28 MP: 12/14
  3787 | D:4      | Found a shimmering altar of Xom.
  4757 | D:4      | Reached skill level 5 in Stealth
  4757 | D:4      | Reached XP level 7. HP: 5/32 MP: 16/16
  5167 | D:4      | Reached skill level 1 in Axes
  5179 | D:4      | Learned a level 5 spell: Venom Bolt
  5524 | D:4      | Reached skill level 5 in Dodging
  5715 | D:5      | Entered Level 5 of the Dungeon
  5965 | D:5      | Reached skill level 5 in Poison Magic
  6015 | D:5      | Got a sheer robe
  6035 | D:5      | Identified the +2 robe of Wecin {rN+ MR+} (You found it on level 5 of the Dungeon)
  6136 | D:5      | Noticed Pikel
  6277 | D:5      | Killed Pikel
  6277 | D:5      | Reached skill level 1 in Fighting
  6277 | D:5      | Reached XP level 8. HP: 37/37 MP: 7/18
  6606 | D:5      | Found Wyblueloy's Food Shop.
  7126 | D:6      | Found a shattered altar of Ashenzari.
  7493 | D:6      | Noticed enkamrat's ghost (amateur TrMo)
  8444 | D:6      | Reached XP level 9. HP: 40/41 MP: 20/20
  8678 | D:7      | Found a glowing golden altar of the Shining One.
 10013 | D:7      | Found a basalt altar of Yredelemnul.
 10060 | D:7      | Found Tegh's Distillery.
 10167 | D:7      | Found a staircase to the Ecumenical Temple.
 10179 | Temple   | Entered the Ecumenical Temple
 10301 | Temple   | Became a worshipper of Makhleb the Destroyer
 10431 | D:8      | Noticed a death yak
 10481 | D:8      | Killed a death yak
 10481 | D:8      | Reached skill level 1 in Maces & Flails
 10481 | D:8      | Reached skill level 5 in Evocations
 11287 | D:8      | Noticed a death yak
 11386 | D:8      | Killed a death yak
 11388 | D:8      | Noticed a death yak
 11479 | D:8      | Mangled by a death yak

Skill      XL: |  1  2  3  4  5  6  7  8  9 |
---------------+----------------------------+-----
Spellcasting   | 3 4 5 6 7 8 |  8.5
Conjurations   | 1 2 3 |  3.3
Poison Magic   | 4 5 6 7 |  7.1
Stealth        | 4 5 6 8 |  8.0
Dodging        | 4 6 7 |  7.9
Air Magic      | 1 2 3 |  3.4
Evocations     | 1 3 4 5 |  5.5
Axes           | 1 |  1.0
Fighting       | 1 |  1.4
Maces & Flails | 1 |  1.2
Short Blades   | |  0.2

Action                   |  1- 3 |  4- 6 |  7- 9 || total
-------------------------+-------+-------+-------++-------
Melee: Dagger            |    12 |    78 |       ||    90
       War axe           |       |    45 |    60 ||   105
       Whip              |       |       |   287 ||   287
Throw: Tomahawk          |       |    26 |    18 ||    44
 Cast: Sting             |    22 |    11 |     2 ||    35
       Poisonous Vapours |     8 |    36 |   109 ||   153
       Mephitic Cloud    |       |     2 |     5 ||     7
       Olgreb's Toxic Ra |       |     1 |     5 ||     6
       Venom Bolt        |       |       |     2 ||     2
Evoke: Wand              |       |     3 |    11 ||    14
  Use: Scroll            |       |    16 |     7 ||    23
       Potion            |       |     2 |     3 ||     5
 Stab: Sleeping          |       |     1 |     1 ||     2
       Distracted        |       |       |     1 ||     1
       Confused          |       |       |     1 ||     1
  Eat: Ration            |       |     2 |     4 ||     6
Armor: Robe              |     5 |    15 |    90 ||   110
Dodge: Dodged            |    35 |   126 |   558 ||   719
